 Dungeon Crawl Stone Soup version 0.29.1-15-g9cfb28693d (webtiles) character file.

Game seed: 12577921675787863464

65 nshep25 the Insei (level 3, 0/29 HPs)
             Began as a Demonspawn Monk on Mar 6, 2023.
             Slain by a goblin
             ... wielding a +0 club
             ... led by Robin
              (6 damage)
             ... on level 2 of the Dungeon.
             The game lasted 00:02:39 (1896 turns).

nshep25 the Insei (Demonspawn Monk)                 Turns: 1896, Time: 00:02:39

Health: 0/29       AC:  3    Str: 13    XL:     3   Next: 94%
Magic:  12/12      EV: 12    Int: 17    God:
Gold:   83         SH:  0    Dex: 15    Spells: 2/2 levels left

rFire   . . .      SeeInvis .     - Unarmed
rCold   . . .      Faith    .   (no shield)
rNeg    . . .      Spirit   .   i - +0 leather armour
rPois   .          Reflect  .   (no helmet)
rElec   .          Harm     .   (no cloak)
rCorr   .          Rampage  .   (no gloves)
Will    .....                   (no boots)
Stlth   ++........              (no amulet)
HPRegen 0.09/turn               d - ring of magical power
MPRegen 0.13/turn               k - +6 ring of intelligence

@: no status effects
A: claws 1
a: no special abilities


You were on level 2 of the Dungeon.
You visited 1 branch of the dungeon, and saw 2 of its levels.

You collected 83 gold pieces.

Inventory:

Armour
 a - a +0 robe
 e - a +0 pair of gloves
 i - a +0 leather armour (worn)
Jewellery
 d - a ring of magical power (left claw)
 k - a +6 ring of intelligence (right claw)
Scrolls
 c - 2 scrolls of identify {unknown}
 h - 3 scrolls of amnesia {unknown}
Potions
 b - a potion of ambrosia
 f - a potion of invisibility {unknown}
 g - 2 potions of brilliance {unknown}
 j - a potion of heal wounds {unknown}


   Skills:
 + Level 3.3 Fighting
 + Level 0.7 Armour
 + Level 3.3 Dodging
 + Level 2.0 Stealth
 + Level 3.4 Unarmed Combat


You had 2 spell levels left.
You didn't know any spells.
Your spell library was empty.

Dungeon Overview and Level Annotations

Branches:
Dungeon (2/15)

Altars:


Innate Abilities, Weirdness & Mutations

You have sharp fingernails.


Message History

A hobgoblin comes into view.
The goblin hits you with a +0 dagger.
You scratch Robin.
Robin is severely wounded.
A goblin comes into view. It is wielding a +0 club.
A goblin comes into view. It is wielding a +0 dagger.
The goblin hits you with a +0 dagger. The goblin hits you but does no damage.
You barely miss Robin.
Robin is severely wounded.
Robin roars a battlecry!
The goblins go into a battle-frenzy!
The goblin hits you but does no damage. The goblin closely misses you.
A hobgoblin comes into view.
You closely miss Robin.
Robin is severely wounded.
The goblin barely misses you. Robin hits you with a +0 short sword.
The goblin hits you with a +0 dagger.
You scratch Robin.
Robin is almost dead.
The goblin hits you with a +0 dagger. Robin barely misses you.
The goblin barely misses you.
You scratch Robin.
You kill Robin!
The goblin closely misses you. The goblin hits you but does no damage.
You scratch the goblin.
The goblin is severely wounded.
The goblin hits you with a +0 dagger. The goblin closely misses you.
The goblin hits you but does no damage.
You scratch the goblin but do no damage.
The goblin is severely wounded.
The goblin closely misses you. The goblin barely misses you.
The goblin hits you but does no damage.
You scratch the goblin.
You kill the goblin!
The goblin attacks as you move away! The goblin hits you with a +0 dagger.
* * * LOW HITPOINT WARNING * * *
Things that are here:
a +0 dagger; a goblin corpse The goblin attacks as you move away!
The goblin hits you with a +0 club.
You die...

####### #.....# ######
#.†...# #...†#
..##.....# #....#
#.........#####....#####
#)........<.....!.......
#..##................###
#.. #......>@.#....#..#
#. #########g....?...# #
##g###.##.[. #)# .# #..
#)g# .# . g.g....
.g...... #.........#
######.....


You could see 4 goblins.

Vanquished Creatures
  Robin (D:2)
  2 dart slugs (D:1)
  3 bats (D:1)
  7 endoplasms (D:1)
  3 giant cockroaches
  5 goblins
  4 hobgoblins (D:1)
  7 jackals (D:1)
  4 kobolds (D:1)
  A quokka (D:1)
  3 frilled lizards (D:1)
  2 rats
42 creatures vanquished.

Notes
Turn   | Place    | Note
-------+----------+-------------------------------------------
     0 | D:1      | nshep25 the Demonspawn Monk began the quest for the Orb.
     0 | D:1      | Reached XP level 1. HP: 18/18 MP: 1/1
   320 | D:1      | Gained mutation: You have sharp fingernails. [demonic
                  | ancestry]
   320 | D:1      | Reached XP level 2. HP: 2/24 MP: 2/2
   321 | D:1      | HP: 1/24 [bat (1)]
  1130 | D:1      | Reached XP level 3. HP: 16/29 MP: 3/3
  1879 | D:2      | Noticed Robin
  1889 | D:2      | Killed Robin
  1896 | D:2      | Slain by a goblin

Illustrated notes

Levels and vault maps discovered:
D:1:      dpeg_arrival_windows_large_door, layout_loops_ring,
          wander_ebering_terrifying_dragon_lair
D:2:      layout_rooms, kennysheep_generic_room_4, uniq_robin

Skill      XL: |  1  2  3 |
---------------+----------+-----
Unarmed Combat | 3 |  3.4
Dodging        | 3 |  3.3
Stealth        | 2 |  2.0
Fighting       | |  3.3
Armour         | |  0.7

Action                   || total
-------------------------++-------
Melee: Unarmed           ||   144
       Punch             ||     3
 Stab: Sleeping          ||     7
Armor: Robe              ||    25
       Leather armour    ||    16
Dodge: Dodged            ||   111
